[Event "125-Jahre Werder Bremen 2024"]
[Site "Bremen"]
[Date "2024.03.08"]
[Round "7.5"]
[White "Wachinger, Nikolas"]
[Black "Efimenko, Zahar"]
[Result "0-1"]
[ECO "C96"]
[WhiteElo "2442"]
[BlackElo "2568"]
[Annotator "RC"]
[PlyCount "142"]
[EventDate "2024.02.26"]
[EventType "swiss"]
[EventCountry "GER"]
[SourceTitle "playchess.com"]
[Source "ChessBase"]
[SourceQuality "1"]
[TimeControl "40/6000+30:1800+30"]

1. e4 e5 2. Nf3 Nc6 3. Bb5 a6 4. Ba4 Nf6 5. O-O Be7 6. Re1 b5 7. Bb3 d6 8. c3 O-O 9. h3 Na5 10. Bc2 c5 11. d4 Nd7 12. a4 Bb7 13. d5 Qc7 14. b3 c4 15. b4 Nb3 16. Bxb3 cxb3 17. Qxb3 f5 18. axb5 fxe4 19. Ng5 Bxg5 20. Bxg5 axb5 21. Rxa8 Bxa8 22. Na3 Qb6 23. Be3 Qa6 24. c4 bxc4 25. Nxc4 Rb8 26. Rd1 h6 27. Na3 Nf6 28. b5 Qa5 29. b6 Bxd5 30. Qb2 Kh7 31. Nb5 Rxb6 32. Bxb6 Qxb6 33. Qb1 Kg8 34. Nc3 Qxb1 35. Rxb1 Bc4 36. Rb7 Kf8 37. Rc7 d5 38. g4 g5 39. Kg2 Ke8 40. Kg3 Bd3 41. Rc6 d4 42. Na4 Ke7 43. Nb6 Ba6 44. h4 d3 45. Rc1 d2 46. Rd1 e3 47. fxe3 Be2 48. Nd5+ Nxd5 49. Rxd2 Nc3 50. Rc2 Ne4+ 51. Kh3 Bf1+ 52. Kh2 gxh4 53. Rc1 Nd2 54. Kg1 Bh3 55. Rc6 Bxg4 56. Rxh6 Nf3+ 57. Kf2 e4 58. Ra6 Kf7 59. Rb6 Be6 60. Rb4 Ng5 61. Rb8 Kg6 62. Rh8 Nf3 63. Re8 Kf6 64. Rh8 Kg5 65. Re8 Bf5 66. Rg8+ Bg6 67. Rf8 Ne5 68. Rh8 Ng4+ 69. Ke2 Bf7 70. Kd2 Nh6 71. Ke1 Bg8 0-1

[Event "125-Jahre Werder Bremen 2024"]
[Site "Bremen"]
[Date "2024.03.08"]
[Round "7.6"]
[White "Reuker, Jari"]
[Black "Krastev, Alexander"]
[Result "1/2-1/2"]
[ECO "A62"]
[WhiteElo "2383"]
[BlackElo "2457"]
[Annotator "TA"]
[PlyCount "90"]
[EventDate "2024.02.26"]
[EventType "swiss"]
[EventCountry "GER"]
[SourceTitle "playchess.com"]
[Source "ChessBase"]
[SourceQuality "1"]
[TimeControl "40/6000+30:1800+30"]

1. d4 Nf6 2. c4 e6 3. g3 c5 4. d5 exd5 5. cxd5 d6 6. Nc3 g6 7. Bg2 Bg7 8. Nf3 O-O 9. O-O Re8 10. Re1 a6 11. a4 {[%emt 0:00:18] A62: Modern Benoni: Fianchetto Variation without early ...Nbd7.} Ne4 12. Nxe4 Rxe4 13. Qc2 Bf5 14. Bh3 Rxa4 15. Qxa4 Bxh3 16. Bg5 f6 $1 17. Bd2 $146 ({Predecessor:} 17. Bf4 g5 18. Bd2 Nd7 19. Qb3 b5 20. Bc3 b4 21. Bd2 h6 22. Qd3 Qc8 23. e4 {½-½ Feng,E (1885)-Gascon del Nogal,J (2458) Titled Tuesday intern op 22nd Nov Late blitz 2022 (8)}) 17... b5 18. Qh4 (18. Qa5 $16 Qxa5 19. Bxa5) 18... Bd7 19. b4 Be8 20. e4 g5 {[%emt 0:05:17] [#]} 21. Qh3 $1 Qd7 22. Qf1 Bh5 23. Qd3 Qg4 24. bxc5 dxc5 (24... Nd7 $16 {keeps fighting.}) 25. d6 $1 $18 Bf7 26. e5 Nd7 27. h3 $1 Qxh3 {[%emt 0:01:07] [#]} (27... Qe6 $142 28. exf6 c4 29. Qxh7+ (29. Nxg5 Qxe1+ 30. Bxe1 cxd3 $11) 29... Kxh7 30. Nxg5+ (30. Rxe6 Bxf6 31. Rxf6 Nxf6 $18) 30... Kg6 31. Rxe6 (31. Nxe6 Bxf6 32. Nf4+ Kg7 $18) 31... Bxe6 32. fxg7 (32. Nxe6 Bxf6 33. Rb1 c3 $17) 32... Bd5) 28. Bxg5 $2 (28. exf6 $1 $18 {[%mdl 512] is more deadly.} Nxf6 29. Nxg5) 28... Bc4 $2 (28... fxg5 $2 29. Nxg5 Qh5 (29... Nxe5 $2 30. Qe4 $18) 30. Nxf7 $18) (28... fxe5 $16 29. Qe4 Ra7) 29. Qe4 $18 Re8 30. Bh4 Qe6 31. Rad1 $2 (31. Rxa6 $18 {Strongly threatening Ra7.} Bd5 32. Qd3 fxe5 (32... c4 $2 33. Qd1 $18) 33. Ng5) 31... h6 $11 32. Qc6 fxe5 33. Be7 (33. Nd2 $5 Bd5 34. Qxa6 $16) 33... b4 34. Nh4 b3 35. f4 (35. Qe4 $11 {keeps the balance.}) 35... Qg4 36. f5 $1 Qxg3+ (36... Bb5 $5 37. Qd5+ $8 Kh7 38. Qxb3 e4 $11) 37. Ng2 $1 Bb5 38. Qd5+ (38. Qe4 $1 $11 Qc3 39. Qd5+ Kh8 40. Re3) 38... Kh7 39. Qe4 Bf6 (39... Nf6 $17 40. Bxf6 Bxf6) 40. Re3 $11 Qg7 41. Rxb3 Rc8 42. Bxf6 Nxf6 43. Qxe5 Rg8 44. Rb2 (44. Qe7 Ba4 45. Rbb1 (45. Qxg7+ Rxg7 46. Rbd3 Bxd1 $15) 45... Qxe7 46. dxe7 Bxd1 47. Rxd1 Kg7) 44... Bc6 (44... Qg4 $11 {remains equal.} 45. Rbd2 Nd7 (45... Ne4 46. d7 $11)) 45. Qe7 $1 $16 Nd5 (45... c4 $16) 1/2-1/2

[Event "125-Jahre Werder Bremen 2024"]
[Site "Bremen"]
[Date "2024.03.08"]
[Round "7.7"]
[White "Colbow, Collin"]
[Black "Schneider, Jana"]
[Result "1/2-1/2"]
[ECO "C55"]
[WhiteElo "2373"]
[BlackElo "2303"]
[Annotator "TA"]
[PlyCount "40"]
[EventDate "2024.02.26"]
[EventType "swiss"]
[EventCountry "GER"]
[SourceTitle "playchess.com"]
[Source "ChessBase"]
[SourceQuality "1"]
[TimeControl "40/6000+30:1800+30"]

1. e4 e5 2. Nf3 Nc6 3. Bc4 Nf6 4. d3 Be7 5. O-O O-O 6. Nc3 d6 7. a4 Na5 8. Ba2 c5 9. Nd5 Nxd5 10. Bxd5 Be6 11. Bxe6 fxe6 12. c3 Nc6 13. Bd2 a6 14. b4 cxb4 15. cxb4 b5 16. axb5 axb5 {[%emt 0:00:09] The position is equal.} 17. Rxa8 Qxa8 18. Qb3 Kf7 19. Rc1 Rc8 20. Qc2 Bf6 {[%emt 0:06:46] A rather calm draw.   Weighted Error Value: White=0.06 (flawless) /Black=0.04 (flawless) .  OK:         	White=2     	Black=6} 1/2-1/2

[Event "125-Jahre Werder Bremen 2024"]
[Site "Bremen"]
[Date "2024.03.08"]
[Round "7.8"]
[White "Kopylov, Michael"]
[Black "Breutigam, Martin"]
[Result "1/2-1/2"]
[ECO "E01"]
[WhiteElo "2352"]
[BlackElo "2359"]
[Annotator "TA"]
[PlyCount "82"]
[EventDate "2024.02.26"]
[EventType "swiss"]
[EventCountry "GER"]
[SourceTitle "playchess.com"]
[Source "ChessBase"]
[SourceQuality "1"]
[TimeControl "40/6000+30:1800+30"]

1. d4 d5 2. c4 e6 3. Nf3 Nf6 4. g3 c5 5. Bg2 cxd4 6. O-O Bc5 7. Nxd4 O-O 8. cxd5 Nxd5 9. Nb3 Bb6 10. Na3 Nc6 11. Nc4 Bc7 12. Ne3 Nce7 13. Nxd5 Nxd5 14. Bd2 Be5 15. Na5 (15. e4 $14 {is superior.} Nf6 16. Qe2) 15... Bxb2 $11 16. Rb1 Qf6 17. Qc2 Bd4 18. Nxb7 Rb8 19. Qc6 Bxb7 20. Rxb7 Rbc8 21. Qa4 Nc3 22. Bxc3 Rxc3 23. e3 Bb6 24. Rd1 g6 25. Rbd7 Kg7 26. Qb4 (26. Bb7 $11 {deserves consideration.}) 26... Rc2 $15 27. R7d2 ({White should play} 27. R1d2 $15 Qa1+ 28. Rd1 Qxa2 29. Qf4) 27... Rc5 ({Black should try} 27... Rd8 $17 28. Rxc2 Rxd1+ 29. Bf1 Bxe3) 28. Qf4 {[%emt 0:01:44] The position is equal.} Rf5 29. Qc4 h5 30. h4 Rh8 31. Be4 Re5 32. Kg2 Re8 33. Rd7 Rd8 34. Rxd8 Bxd8 35. Bc2 Bb6 36. Rd7 Rc5 37. Qe4 Rf5 38. Rd2 Ba5 39. Re2 Rc5 40. Bb3 Rc7 41. Rc2 Rxc2 {[%emt 0:32:05] Weighted Error Value: White=0.10 (very precise) /Black=0.08 (flawless) .  Mistake:       	White=3     	Black=1      Inaccurate:     	White=1     	Black=3      OK:         	White=18    	Black=12     Best:        	---       	Black=1} 1/2-1/2

[Event "125-Jahre Werder Bremen 2024"]
[Site "Bremen"]
[Date "2024.03.08"]
[Round "7.9"]
[White "Knaak, Rainer"]
[Black "Meins, Gerlef"]
[Result "1/2-1/2"]
[ECO "D27"]
[WhiteElo "2450"]
[BlackElo "2390"]
[Annotator "TA"]
[PlyCount "50"]
[EventDate "2024.02.26"]
[EventType "swiss"]
[EventCountry "GER"]
[SourceTitle "playchess.com"]
[Source "ChessBase"]
[SourceQuality "1"]
[TimeControl "40/6000+30:1800+30"]

1. d4 d5 2. c4 dxc4 3. Nf3 Nf6 4. e3 e6 5. Bxc4 c5 6. O-O a6 7. b3 cxd4 8. Nxd4 Be7 9. Bb2 O-O 10. Be2 Bd7 11. Nd2 Nc6 12. Bf3 Rc8 13. Rc1 Nb4 14. Rxc8 ({Natürlich nicht} 14. Bxb7 Rxc1 15. Qxc1 e5 $17) 14... Bxc8 15. a3 {[%emt 0:01:07] Die Stellung ist ausgeglichen.} Nd3 16. Ba1 e5 17. Nc4 Nxf2 18. Rxf2 exd4 19. Bxd4 b5 20. Ne5 Bxa3 21. Rd2 (21. Qa1 $11 Qd6 22. Rc2) 21... Qd6 (21... Qe7 $15 {verdient Beachtung.}) 22. Bb2 (22. Rc2 $11) 22... Qc5 23. Bd4 Qd6 24. Bb2 Qc5 25. Bd4 Qd6 {[%emt 0:21:41] Gewichteter Fehlerwert: Weiß=0.19 (sehr präzise) /Schwarz=0.27 (präzise) .  Fehler:       	Weiß=2     	Schwarz=2     Ungenau:       	Weiß=1     	Schwarz=1     OK:         	Weiß=5     	Schwarz=4} (25... Qe7 $1 $15 26. h3 (26. Nc6 Qe6 $17) 26... Bb7 27. Bxb7 Qxb7) 1/2-1/2

[Event "125-Jahre Werder Bremen 2024"]
[Site "Bremen"]
[Date "2024.03.08"]
[Round "7.10"]
[White "Pruijssers, Roeland"]
[Black "Radeva, Viktoria"]
[Result "1-0"]
[ECO "A08"]
[WhiteElo "2537"]
[BlackElo "2325"]
[Annotator "TA"]
[PlyCount "69"]
[EventDate "2024.02.26"]
[EventType "swiss"]
[EventCountry "GER"]
[SourceTitle "playchess.com"]
[Source "ChessBase"]
[SourceQuality "1"]
[TimeControl "40/6000+30:1800+30"]

1. Nf3 d5 2. g3 Nf6 3. Bg2 e6 4. O-O c5 5. d3 Nc6 6. Nbd2 g6 7. e4 Bg7 8. c3 O-O 9. e5 Nd7 10. d4 cxd4 11. cxd4 {[%emt 0:00:24] The position is equal.} a5 12. a4 b6 13. Re1 Ba6 14. Nb1 b5 15. axb5 Bxb5 16. Nc3 Ba6 17. h4 h6 18. Be3 Nb6 19. b3 Rb8 20. Nh2 (20. Qd2 $14) 20... h5 (20... Nd7 $11 {remains equal.}) 21. Bg5 $16 Qc8 22. Rc1 {[%emt 0:00:55] White is more active.} (22. g4 {seems wilder.} Nxe5 23. dxe5 Qxc3 24. gxh5 Bxe5 25. Rc1) 22... Qe8 $2 {[%emt 0:00:00] A mistake that costs the game.} (22... a4 $16 {keeps fighting.}) 23. g4 $18 Nb4 (23... f6 $142) 24. gxh5 gxh5 $2 (24... Bd3 25. Re3 Bf5) 25. Bf6 (25. Qxh5 f6 26. Qxe8 Rbxe8 27. exf6 Bxf6 $11) 25... Nd7 26. Qxh5 (26. Bxg7 Kxg7 27. Re3 (27. Qxh5 Rh8 $16) 27... f5 $16) 26... Nxf6 27. exf6 Bxf6 {[%emt 0:00:00] [#]} 28. Ne4 $1 Qd8 (28... Qe7 29. Rc7) 29. Ng5 Bd3 {[%emt 0:03:15] [#] Inhibits Qh7+.} 30. Be4 $1 {[%emt 0:00:26][%mdl 512] White mates.} Bxe4 31. Rxe4 Bxg5 32. Rg4 Re8 33. Qh6 f6 34. hxg5 f5 35. Rh4 {[%emt 0:00:58] Weighted Error Value: White=0.05 (flawless) /Black=0.46.  Loses game:     	---       	Black=1      Mistake:       	White=1     	Black=3      Inaccurate:     	---       	Black=1      OK:         	White=7     	Black=6      Best:        	White=3     	---} 1-0

[Event "125-Jahre Werder Bremen 2024"]
[Site "Bremen"]
[Date "2024.03.08"]
[Round "7.11"]
[White "Soderstrom, Adrian"]
[Black "Hejazipour, Mitra"]
[Result "0-1"]
[ECO "B48"]
[WhiteElo "2288"]
[BlackElo "2356"]
[Annotator "TA"]
[PlyCount "100"]
[EventDate "2024.02.26"]
[EventType "swiss"]
[EventCountry "GER"]
[SourceTitle "playchess.com"]
[Source "ChessBase"]
[SourceQuality "1"]
[TimeControl "40/6000+30:1800+30"]

1. e4 c5 2. Nf3 e6 3. d4 cxd4 4. Nxd4 Nc6 5. Nc3 Qc7 6. Be3 a6 7. a3 b5 8. Nxc6 Qxc6 9. Bd3 Bb7 10. Qd2 b4 {[%emt 0:00:00] The position is equal.} 11. axb4 Bxb4 12. Bd4 f6 13. e5 (13. O-O $14) 13... f5 14. O-O-O Ne7 15. Qe2 (15. Rhg1 $11 {keeps the balance.}) 15... Qxg2 (15... O-O {simplifies} 16. Rhg1 Bxc3 17. bxc3 a5) 16. Rhg1 Qh3 17. Rg3 {[%emt 0:13:47] Wards off Bf3} Qh4 18. Bc4 Ng6 (18... Qxh2 19. Kb1 $11) 19. Kb1 O-O (19... Qxh2 20. Bxe6 dxe6 21. Qc4 $15) 20. Na2 (20. Na4 $142) 20... Be7 $17 21. Bc3 Nf4 (21... Qxh2 22. Rxd7 Bh4 (22... Qh1+ 23. Nc1 $11) 23. Bxe6+ (23. Rxg6 $2 hxg6 24. Bxe6+ Kh7 $19) 23... Kh8 24. Qe1 $17 (24. Rxg6 hxg6 25. Bb3 Bc6 $19)) (21... Bc6 $142 $1 22. Nb4 Bb5 (22... Qxh2 $2 23. Nxc6 Bh4 24. Rf3 $18)) 22. Qf1 Nd5 (22... Qxh2 23. Rxd7 Bg2 24. Rxg2 $18) 23. Bd2 (23. Bxd5 $17 Bxd5 24. Rxd5 exd5 25. Qg2) 23... Rf7 (23... f4 $19 24. Rh3 Qg5) 24. f4 {[%emt 0:00:50] Rh3 would now be deadly.} Bc5 (24... Qxh2 $2 25. Rh3 $18) 25. Rh3 Qe7 {[%emt 0:00:00] Black is more active.} 26. Nc3 Nb6 27. Be2 a5 (27... Rb8 $17 28. Bxa6 Bc6) 28. Nb5 $15 Nd5 29. c4 Nb4 {[%emt 0:00:20] aiming for ...Be4+.} 30. Bf3 Bc6 31. Bc3 Be4+ ({Better is} 31... g6 $15) 32. Bxe4 $11 fxe4 33. Nd6 Bxd6 (33... Nd3 $1 $11 34. Rdxd3 exd3) 34. exd6 $16 Qf8 35. Rg3 (35. Qg2 $1 $14 Re8 (35... Rxf4 $2 36. Bxg7 Rf2 37. Qg3 $18) 36. Rg3 (36. Qxe4 Rf5 $16)) 35... Nd3 {[%emt 0:00:31] ...e5 is the strong threat.} (35... Rxf4 $2 36. Bxg7 (36. Rxg7+ Qxg7 37. Qxf4 Qg2 $18) 36... Qf5 37. Qg2 $18) 36. Qg2 Nxf4 37. Qxe4 Ng6 38. h4 {[%emt 0:01:41] Strongly threatening h5.} Rf4 39. Qb7 Rd8 (39... Nxh4 $2 40. Rxg7+ (40. Bxg7 Qf5+ 41. Ka2 Rg4 $18) 40... Qxg7 41. Bxg7 Kxg7 42. Qxa8 $18) 40. Ka2 $2 (40. Qc7 $15 Rxh4 41. c5) 40... Rxh4 (40... Rxc4 $19 {is more deadly. Hoping for ...Ra4+.} 41. Bxa5 Ra4+ 42. Ra3 Rxa3+ (42... Rxh4 $2 43. Bxd8 Rc4 44. Qxd7 $18) 43. bxa3 Qf5 44. Bxd8 Qc2+ 45. Qb2 Qxd1) 41. Bxa5 (41. Qc7 $142) 41... Ra8 $17 (41... Rxc4 42. Bxd8 Qxd8 43. Re3 $11) 42. Ra3 {[%emt 0:00:27] [#]} Ne5 $36 {[%emt 0:02:40][%cal Oa8b8][%mdl 2048] White must now prevent ...Rb8! White is under strong pressure.} (42... Rxc4 $2 43. Qxd7 Qc8 44. Qxc8+ Rcxc8 45. d7 $18) 43. Qg2 $2 (43. Bc3 {keeps fighting.} Rxa3+ 44. Kxa3 Nxc4+ 45. Ka2) 43... Rg4 $19 (43... Rxc4 44. Qe2 Qf4 45. Qd2 $19) 44. Qe2 Nxc4 45. Qxg4 Nxa3 (45... Nxa5 46. Qa4 Ra7 47. Qb5 $18) 46. b4 (46. bxa3 $142 Rxa5 47. Qh4) 46... Nc2 {[%emt 0:01:08][%cal Oc2b4] ( -> ...Nxb4+!)} 47. Qe4 {[%emt 0:00:30] [#]} Nxb4+ 48. Qxb4 (48. Kb3 Nd5) 48... Qf5 49. Kb3 Rxa5 50. Qc4 Qb5+ {[%emt 0:01:07] Weighted Error Value: White=0.44/Black=0.17 (very precise) .  Loses game:     	White=1     	---        Mistake:       	White=8     	Black=6      Inaccurate:     	White=4     	Black=2      OK:         	White=16    	Black=18     Best:        	White=4     	Black=3} 0-1

[Event "125-Jahre Werder Bremen 2024"]
[Site "Bremen"]
[Date "2024.03.08"]
[Round "7.12"]
[White "Wiegmann, Sascha"]
[Black "Guichard, Pauline"]
[Result "1-0"]
[ECO "A07"]
[WhiteElo "2297"]
[BlackElo "2385"]
[Annotator "ChessBase"]
[PlyCount "113"]
[EventDate "2024.02.26"]
[EventType "swiss"]
[EventCountry "GER"]
[SourceTitle "playchess.com"]
[Source "ChessBase"]
[SourceQuality "1"]
[TimeControl "40/6000+30:1800+30"]

1. Nf3 Nf6 2. g3 d5 3. Bg2 g6 4. O-O Bg7 5. d3 O-O 6. Nbd2 Re8 7. e4 dxe4 8. dxe4 e5 9. Qe2 b6 10. Rd1 Qe7 11. Nf1 Bb7 12. Bg5 Nbd7 13. N3d2 h6 14. Bxf6 Nxf6 15. Ne3 Rad8 16. f3 h5 17. h4 Bh6 18. Ndf1 Qc5 19. Qf2 a5 20. Rxd8 Rxd8 21. Rd1 Rd4 22. c3 Rxd1 23. Nxd1 Qc4 24. a3 Qd3 25. Nfe3 Bf8 26. Qc2 Qd7 27. Kf2 a4 28. Bf1 Bc5 29. Qd3 Qe7 30. Qb5 Qd6 31. Qd3 Qe7 32. Qb5 Qd8 33. Qd3 Qe8 34. Bh3 Kg7 35. Ke1 c6 36. Qd2 Kg8 37. Nc2 Bc8 38. Bxc8 Qxc8 39. Nf2 Qe6 40. Kf1 b5 41. Nb4 Nd7 42. Nfd3 Bb6 43. Kg2 Qd6 44. Qc1 Ba7 45. Qd1 Qc7 46. Qd2 Nb6 47. Nxe5 Qxe5 48. Qd8+ Kh7 49. Nxc6 Qe6 50. Nxa7 Nc4 51. Nxb5 Nxb2 52. Qd5 Qe7 53. Nd6 Kg8 54. c4 Qa7 55. c5 Nd3 56. Qxd3 Qxc5 57. Nc4 1-0

[Event "125-Jahre Werder Bremen 2024"]
[Site "Bremen"]
[Date "2024.03.09"]
[Round "8.1"]
[White "Teclaf, Pawel"]
[Black "Aditya Mittal"]
[Result "1/2-1/2"]
[ECO "D33"]
[WhiteElo "2556"]
[BlackElo "2594"]
[Annotator "TA"]
[PlyCount "41"]
[EventDate "2024.02.26"]
[EventType "swiss"]
[EventCountry "GER"]
[SourceTitle "playchess.com"]
[Source "ChessBase"]
[SourceQuality "1"]
[TimeControl "40/6000+30:1800+30"]

1. Nf3 Nf6 2. c4 c5 3. Nc3 e6 4. g3 d5 5. cxd5 exd5 6. d4 Nc6 7. Bg2 cxd4 8. Nxd4 Bc5 9. Nb3 Bb6 10. O-O d4 11. Na4 O-O 12. Bg5 h6 13. Nxb6 {White is slightly better.} axb6 14. Bxf6 Qxf6 15. Bxc6 $1 bxc6 16. Qxd4 Rd8 17. Qxf6 gxf6 18. Rfd1 Rxd1+ 19. Rxd1 {[%emt 0:00:31] Hoping for Rd8+.} Be6 $1 20. Nc1 Bxa2 21. Nxa2 {[%emt 0:00:05] Weighted Error Value: White=0.04 (flawless) /Black=0.04 (flawless) .  Inaccurate:     	White=1     	Black=1      OK:         	White=6     	Black=4      Best:        	---       	Black=1      Strong:       	White=1     	Black=1} 1/2-1/2

[Event "125-Jahre Werder Bremen 2024"]
[Site "Bremen"]
[Date "2024.03.09"]
[Round "8.2"]
[White "Efimenko, Zahar"]
[Black "Cheng, Bobby"]
[Result "1/2-1/2"]
[ECO "B88"]
[WhiteElo "2568"]
[BlackElo "2584"]
[Annotator "RC"]
[PlyCount "99"]
[EventDate "2024.02.26"]
[EventType "swiss"]
[EventCountry "GER"]
[SourceTitle "playchess.com"]
[Source "ChessBase"]
[SourceQuality "1"]
[TimeControl "40/6000+30:1800+30"]

1. e4 c5 2. Nf3 d6 3. d4 cxd4 4. Nxd4 Nf6 5. Nc3 a6 6. Bc4 e6 7. a4 Be7 8. O-O O-O 9. Be3 Nc6 10. Bb3 Bd7 11. f4 h6 12. Qe2 Qa5 13. f5 e5 14. Nxc6 bxc6 15. Rad1 Rab8 16. Bf2 Rb4 17. Kh1 Bc8 18. Qe1 Qd8 19. Bc5 dxc5 20. Rxd8 Rxd8 21. Qe2 Rdd4 22. Rd1 c4 23. Ba2 Bc5 24. a5 Rxb2 25. Bxc4 Rxd1+ 26. Nxd1 Rb1 27. Bd3 h5 28. h3 h4 29. Kh2 Ra1 30. c3 Bd6 31. Ne3 Bc5 32. g4 hxg3+ 33. Kxg3 Rxa5 34. Nc4 Ra1 35. Qb2 Rd1 36. Bc2 Nh5+ 37. Kh2 Rf1 38. h4 Rf2+ 39. Kh3 Rf3+ 40. Kg2 Rf2+ 41. Kh3 Nf4+ 42. Kg4 Rg2+ 43. Kf3 Rf2+ 44. Kg4 f6 45. Qb3 Kh7 46. Bd1 Bd7 47. Qb8 Rg2+ 48. Kf3 Rf2+ 49. Kg4 Rg2+ 50. Kf3 1/2-1/2

[Event "125-Jahre Werder Bremen 2024"]
[Site "Bremen"]
[Date "2024.03.09"]
[Round "8.3"]
[White "Kopylov, Daniel"]
[Black "Plat, Vojtech"]
[Result "1/2-1/2"]
[ECO "B08"]
[WhiteElo "2346"]
[BlackElo "2528"]
[Annotator "TA"]
[PlyCount "102"]
[EventDate "2024.02.26"]
[EventType "swiss"]
[EventCountry "GER"]
[SourceTitle "playchess.com"]
[Source "ChessBase"]
[SourceQuality "1"]
[TimeControl "40/6000+30:1800+30"]

1. d4 g6 2. Nf3 Bg7 3. e4 d6 4. Nc3 Nf6 5. Be3 O-O 6. Qd2 Nc6 {[%emt 0:03:28] B08: Pirc Defence: Classical System.} 7. Bh6 Bg4 8. Bxg7 Kxg7 9. d5 Bxf3 10. gxf3 Ne5 11. Be2 c6 12. O-O-O cxd5 13. Nxd5 Nxd5 14. exd5 Qb6 15. h4 Qxf2 16. h5 Rh8 17. h6+ $146 ({Predecessor:} 17. f4 Nd7 18. Rdf1 Qc5 19. f5 Nf6 20. fxg6 hxg6 21. hxg6 fxg6 22. Rhg1 Rh6 23. Bd3 Qxd5 {½-½ Keskisarja,T (2255)-Heinimaki,L Tampere Elo Taraus op 1996 (1)}) 17... Kf8 18. Rdf1 (18. f4 $5 Nd7 $8 19. Rh3 $16) 18... Qc5 19. Rh4 a5 20. a4 g5 21. Qxg5 Rg8 $1 22. Qd2 Rc8 23. Kb1 Rg2 24. Re4 Rg1 (24... Rc7 $11) 25. Rxg1 (25. f4 $16 Nf3 26. Qd1 (26. Bxf3 $2 Rxf1+ 27. Bd1 Qg1 $19) 26... Rxf1 27. Bxf1) 25... Qxg1+ $14 26. Ka2 b6 (26... Qg6 $14) 27. f4 $16 Ng6 {[%emt 0:03:11] [#]} ({Better is} 27... Ng4) 28. Bd3 ({White should try} 28. Qd3 $1 $16 Kg8 (28... Qc1 $2 29. Rc4 $18) 29. Qa6) 28... Qg3 29. Ba6 (29. b3 $16) 29... Rc5 $14 30. Qd4 (30. b4 $1 $14 axb4 31. Rxb4) 30... f6 $1 $11 31. Bd3 Qh2 32. b4 axb4 33. Qxb4 Rc8 (33... Rxd5 34. Rc4 (34. Qc4 Rc5 $15) 34... Qxh6 (34... Rxd3 $2 35. Rc8+ Kf7 36. Qc4+ d5 37. Qxd3 $18) 35. Qxb6 $16) 34. Kb2 Qxh6 35. Qxb6 Nxf4 36. Ba6 $1 Qg6 37. Rc4 (37. Rxf4 $2 Qxc2+ 38. Ka3 (38. Ka1 $2 Qc1+ 39. Ka2 Rc2+ 40. Kb3 Qb2#) 38... Rc3+ 39. Kb4 Rb3+ 40. Ka5 Rxb6 $19) 37... Rxc4 38. Bxc4 Qe4 39. Qc6 $2 {[%emt 0:00:36] [#]} (39. Qb5 $11 {and White is okay.}) 39... Qd4+ $2 (39... h5 $1 $19 {[%cal Rh5h4] White must now prevent ...h4.} 40. Qc8+ Kg7) 40. Kb3 $11 h5 41. a5 h4 42. Qc8+ Kf7 43. Qh8 (43. Qf5 $11 {keeps the balance.}) 43... h3 (43... Nxd5 $17 {( -> ...Qc3+)} 44. Qh5+ Ke6) 44. Qh7+ $11 Ke8 45. Qg8+ Kd7 46. Qb8 Nxd5 47. Qb5+ Ke6 48. a6 Qc3+ 49. Ka4 Qa1+ $1 (49... Qxc2+ $2 {perishes.} 50. Bb3 Qe4+ 51. Ka3 $18) 50. Kb3 Qb1+ 51. Ka4 $1 Qa1+ $1 (51... Qxc2+ $2 {is the wrong capture.} 52. Bb3 Qc5 (52... Qe4+ $2 53. Ka3 $18) 53. Bxd5+ Kxd5 54. a7 $18) 1/2-1/2

[Event "125-Jahre Werder Bremen 2024"]
[Site "Bremen"]
[Date "2024.03.09"]
[Round "8.4"]
[White "Gumularz, Szymon"]
[Black "Pajeken, Jakob Leon"]
[Result "1-0"]
[ECO "A28"]
[WhiteElo "2590"]
[BlackElo "2424"]
[Annotator "TA"]
[PlyCount "115"]
[EventDate "2024.02.26"]
[EventType "swiss"]
[EventCountry "GER"]
[SourceTitle "playchess.com"]
[Source "ChessBase"]
[SourceQuality "1"]
[TimeControl "40/6000+30:1800+30"]

1. c4 e5 2. Nc3 Nf6 3. Nf3 Nc6 4. Qc2 g6 5. e3 Bg7 6. a3 a5 7. Be2 d5 8. cxd5 {Die Stellung ist ausgeglichen.} Nxd5 9. d3 O-O 10. O-O Re8 11. Bd2 Nxc3 12. Bxc3 a4 13. Rac1 Be6 14. Nd2 Bd5 15. Rfd1 Re7 16. Bg4 h6 17. h3 Kh7 18. e4 Be6 19. Bxe6 Rxe6 20. Nf3 Qd7 21. Bd2 b6 22. Be3 Ra7 23. Rb1 Nd4 24. Bxd4 exd4 25. Rdc1 Bf8 26. Re1 Ra5 27. Rbc1 Rc5 28. Qb1 Rxc1 29. Rxc1 c5 30. b3 Be7 31. Qc2 axb3 32. Qxb3 Kg7 33. a4 Bd6 34. Rb1 (34. Qxb6 $2 {geht unter.} Bh2+ (34... Qxa4 35. Qb2 $14) 35. Kxh2 Rxb6 $19) 34... Bc7 35. Qc4 Rf6 {[%emt 0:01:21][%cal Of6f3] ...Rxf3! ist eine echte Drohung.} 36. Kf1 Qe7 37. Rb5 Qd7 {[%emt 0:03:09] [#]} 38. a5 $1 bxa5 (38... Re6 39. axb6) 39. Rxc5 ({Natürlich nicht} 39. Qxc5 Rc6 40. Qxd4+ Qxd4 41. Nxd4 Rc1+ 42. Ke2 a4 $11) 39... Bb6 40. Rc8 {[%emt 0:13:56] Weiß steht aktiver.} (40. Qxd4 $2 Qxd4 41. Nxd4 Bxc5 $19) (40. Ne5 $16 Qb7 41. Rd5) 40... Re6 (40... Qb7 {ist vielschichtiger.} 41. Ne1 Qd7 42. Ke2 Re6) 41. Qc2 (41. h4 $14) 41... Bd8 (41... a4 $11 {bleibt in der Remisbreite.}) 42. Rc4 Bf6 43. Kg1 Qd6 {[%emt 0:00:00] Weiß behält die Zügel nun fest in der Hand.} 44. g3 Qb6 45. Kg2 Re7 {[%emt 0:00:00] [#]} ({Besser ist} 45... Qb5) 46. Rc6 $1 $16 Qb4 {[%emt 0:00:00] [#]} 47. Rc8 $1 Qb7 (47... Rd7 $142 48. Ra8 Rd8) 48. Rc5 $18 Qa8 {[%emt 0:00:00] Schwarz ist schwach auf den weissen Feldern} 49. Qa4 Ra7 50. Nxd4 Qf8 51. Nb3 (51. Rxa5 $2 {verliert.} Rxa5 $19) 51... Rb7 (51... Qd6 $142) 52. Nxa5 Qxc5 53. Nxb7 {[%emt 0:00:00] KQB-KQN} Qc7 54. Qb5 Bd4 {[%emt 0:00:00] ( -> ...Qc2)} 55. Qd5 Bb6 56. Nd6 {[%emt 0:00:00] Droht stark Ne8+.} Qa7 (56... Kg8 $142 57. Qa8+ Qd8 58. Qxd8+ Bxd8) 57. Qe5+ Kg8 58. Nc8 {[%emt 0:00:00] Gewichteter Fehlerwert: Weiß=0.09 (makellos) /Schwarz=0.22 (präzise) .  Fehler:       	Weiß=2     	Schwarz=5     Ungenau:       	Weiß=1     	Schwarz=6     OK:         	Weiß=25    	Schwarz=16    Bester:       	Weiß=3     	---        Stark:        	Weiß=1     	---} 1-0